 Dungeon Crawl Stone Soup version 0.18.1-47-g9310371 (webtiles) character file.

692 Necrotakul the Covered (level 7, -3/61 HPs)
             Began as a Minotaur Gladiator on June 20, 2016.
             Succumbed to a gnoll's poison
             ... on level 3 of the Dungeon.
             The game lasted 00:10:45 (3642 turns).

Necrotakul the Covered (Minotaur Gladiator)         Turns: 3642, Time: 00:10:45

Health: -3/61      AC: 10    Str: 24    XL:     7   Next: 36%
Magic:  6/6        EV: 10    Int:  7    God:
Gold:   149        SH:  0    Dex: 11    Spells: 0 memorised, 6 levels left

rFire  . . .     SeeInvis .     a - +0 flail
rCold  . . .     Gourm    .     t - +0 chain mail
rNeg   . . .     Faith    .     (no shield)
rPois  .         Spirit   .     c - +0 hat
rElec  .         Dismiss  .     (no cloak)
rCorr  .         Reflect  .     (no gloves)
SustAt .         Harm     .     (no boots)
MR     .....                    (no amulet)
Stlth  ..........               (no ring)
                                (no ring)

@: mighty, lethally poisoned (-3 -> -40), not resistant to hostile enchantments,
extremely unstealthy
A: retaliatory headbutt, horns 2
a: no special abilities


You were on level 3 of the Dungeon.
You were not hungry.

You visited 1 branch of the dungeon, and saw 3 of its levels.

You collected 149 gold pieces.

Inventory:

Hand Weapons
 a - a +0 flail (weapon)
Missiles
 d - 3 throwing nets (quivered)
 x - 5 tomahawks
Armour
 c - a +0 hat (worn)
 t - a +0 chain mail (worn)
Jewellery
 g - an uncursed ring of fire {unknown}
 v - an uncursed ring of resist corrosion {unknown}
Wands
 r - a wand of digging (17/24)
Scrolls
 b - a scroll of blinking {unknown}
 e - a scroll of immolation {unknown}
 l - 3 scrolls of identify
 m - 2 scrolls of enchant armour
 p - a scroll of remove curse {unknown}
 q - a scroll of teleportation {unknown}
 w - a scroll of recharging {unknown}
Potions
 i - a potion of berserk rage {unknown}
 j - a potion of invisibility {unknown}
 k - a potion of cure mutation {unknown}
 n - 3 potions of resistance
 s - a potion of curing {unknown}
Comestibles
 f - a bread ration
 h - 5 fruits
 o - a beef jerky


   Skills:
 - Level 5.0 Fighting
 - Level 5.1 Maces & Flails
 - Level 2.0 Throwing
 + Level 6.0 Armour
 - Level 5.4 Dodging


You had 6 spell levels left.
You didn't know any spells.

Dungeon Overview and Level Annotations

Branches:
Dungeon (3/15)

Altars:
Nemelex Xobeh
Pakellas
Qazlal


Innate Abilities, Weirdness & Mutations

You reflexively headbutt those who attack you in melee.
You have a pair of horns on your head.


Message History

All of the chunks of flesh in your inventory have rotted away.
You hit the gnoll sergeant. You headbutt the gnoll sergeant.
You kill the gnoll sergeant!
* * * LOW HITPOINT WARNING * * *
You feel sick.
The gnoll hits you with a whip of venom.
* * * LOW HITPOINT WARNING * * *
You are more poisoned.
The gnoll hits you but does no damage.
You are more poisoned.
You hit the gnoll. Your headbutt misses the gnoll.
The gnoll is moderately wounded.
* * * LOW HITPOINT WARNING * * *
You feel sick. The gnoll hits you but does no damage.
You are more poisoned.
Unknown command.
You sock the gnoll!
You kill the gnoll!
Your Armour skill increases to level 6!
You die...

.....# #.# #.##
†....############.########.)#####
.#.....P.........................
.#....≈≈≈≈≈≈≈≈≈≈≈≈≈≈≈≈≈≈≈....≈≈≈≈
.#....≈≈≈≈≈≈≈≈≈≈≈≈≈≈≈≈≈≈≈....≈≈≈≈
.#....≈≈#####≈≈≈≈≈≈≈≈≈≈≈≈....≈≈≈≈
.#....≈≈#...#............†.......
.#....≈≈#...#############''''####
##...P≈≈###'#..)@)).....#....#...
#....≈≈≈.#)))÷......)..)....'.).
#....≈≈≈.#)#.)..)(((..)#....#...
#....≈≈≈.#)#####################
#....≈≈≈.#......# .......
#....≈≈≈.#...g..# ..g..g.
#....≈≈≈.#.###g## g....
#.P..≈≈≈.#.#..g.# ...
#....≈≈≈.#.#....###'######


There were no monsters in sight!

Vanquished Creatures
  A gnoll sergeant (D:3)
  3 orc priests (D:3)
  2 orc wizards (D:3)
  36 gnolls
  2 adders (D:3)
  A worm (D:2)
  2 giant geckos (D:1)
  9 orcs (D:3)
  5 giant cockroaches
  8 goblins
  9 hobgoblins
  18 jackals
  10 kobolds
  A quokka (D:2)
  8 bats
  5 giant newts
  7 rats
127 creatures vanquished.

Vanquished Creatures (others)
  A fire dragon (D:2)
1 creature vanquished.

Grand Total: 128 creatures vanquished

Notes
Turn   | Place    | Note
--------------------------------------------------------------
     0 | D:1      | Necrotakul the Minotaur Gladiator began the quest for the Orb.
     0 | D:1      | Reached XP level 1. HP: 18/18 MP: 0/0
   292 | D:1      | Reached XP level 2. HP: 20/25 MP: 1/1
   385 | D:1      | Reached skill level 5 in Maces & Flails
   390 | D:1      | Reached XP level 3. HP: 25/30 MP: 2/2
   781 | D:2      | Found a sparkling altar of Nemelex Xobeh.
   869 | D:2      | Reached skill level 1 in Armour
   968 | D:2      | Reached skill level 2 in Armour
  1206 | D:2      | Reached XP level 4. HP: 36/37 MP: 3/3
  1227 | D:2      | Found a stormy altar of Qazlal.
  1319 | D:2      | Found an oddly glowing altar of Pakellas.
  1319 | D:2      | Noticed a fire dragon
  1349 | D:2      | Killed a fire dragon
  1593 | D:3      | Reached skill level 3 in Armour
  1764 | D:3      | Reached skill level 4 in Armour
  1773 | D:3      | Reached XP level 5. HP: 13/42 MP: 4/4
  2134 | D:3      | Reached skill level 5 in Armour
  2278 | D:3      | Reached XP level 6. HP: 52/52 MP: 5/5
  2356 | D:3      | Reached skill level 5 in Fighting
  3324 | D:3      | Reached skill level 5 in Dodging
  3324 | D:3      | Reached XP level 7. HP: 29/61 MP: 6/6
  3640 | D:3      | HP: 3/61 [gnoll/whip of venom (2)]
  3641 | D:3      | HP: 1/61 [poisoned by a gnoll]
  3642 | D:3      | Reached skill level 6 in Armour
  3642 | D:3      | Succumbed to a gnoll's poison

Skill      XL: |  1  2  3  4  5  6  7 |
---------------+----------------------+-----
Maces & Flails | 4 5 |  5.1
Armour         | 2 4 5 6 |  6.0
Fighting       | 4 5 |  5.0
Dodging        | 5 |  5.4
Throwing       | |  2.0

Action                   |  1- 3 |  4- 6 |  7- 9 || total
-------------------------+-------+-------+-------++-------
Melee: Flail             |    98 |   201 |    40 ||   339
       Headbutt          |    18 |    26 |     9 ||    53
  Use: Scroll            |       |     4 |       ||     4
       Potion            |       |     2 |     1 ||     3
  Eat: Chunk             |     1 |     7 |     1 ||     9
Armor: Leather armour    |     6 |       |       ||     6
       Ring mail         |    28 |    44 |       ||    72
       Chain mail        |       |    25 |    14 ||    39
Dodge: Dodged            |    66 |   138 |    25 ||   229
